 Dungeon Crawl Stone Soup version 0.17.0-28-g6e173f8 (webtiles) character file.

3615 Goblin1989 the Martial Artist (level 10, 0/55 HPs)
             Began as a Vine Stalker Monk on Nov 24, 2015.
             Was an Elder of Cheibriados.
             Killed from afar by a catoblepas (2 damage)
             ... with a blast of calcifying dust
             ... on level 9 of the Dungeon on Nov 25, 2015.
             The game lasted 00:33:00 (5801 turns).

Goblin1989 the Martial Artist (Vine Stalker Monk)   Turns: 5801, Time: 00:33:00

Health: 0/55       AC: 10    Str: 22    XL:     10   Next: 11%
Magic:  0/15       EV:  2    Int: 25    God:    Cheibriados [****..]
Gold:   479        SH:  0    Dex: 27    Spells: 0 memorised, 9 levels left

rFire  . . .     SeeInvis .       - Unarmed
rCold  . . .     Clarity  .     E - +0 chain mail
rNeg   + + +     SustAt   .     (no shield)
rPois  ∞         Gourm    .     (no helmet)
rElec  .         Spirit   +     (no cloak)
rCorr  .         Warding  .     f - +0 pair of gloves
rMut   .         Stasis   .     (no boots)
MR     +....                    v - amulet of rage
Stlth  ..........               (no ring)
                                m - +3 ring of intelligence

@: petrified, very slow, somewhat resistant to hostile enchantments, extremely
unstealthy
A: fangs 3, regeneration 2, magic shield, antimagic bite, no device heal 3, rot
immunity
a: Bend Time, Temporal Distortion, Slouch, Renounce Religion, Evoke Berserk Rage


You were on level 9 of the Dungeon.
You worshipped Cheibriados.
Cheibriados was greatly pleased with you.
You were not hungry.

You visited 1 branch of the dungeon, and saw 9 of its levels.

You collected 479 gold pieces.

Inventory:

Missiles
 d - 8 needles of slowing
 w - 12 poisoned needles
Armour
 f - a +0 pair of gloves (worn)
 E - a +0 chain mail (worn)
Jewellery
 m - a +3 ring of intelligence (left hand)
 v - an amulet of rage (around neck)
Wands
 c - a wand of draining (8)
 o - a wand of invisibility (0)
 B - a wand of digging (19)
 D - a wand of polymorph (8)
 F - a wand of cold (10)
 G - a wand of disintegration (11)
Scrolls
 a - a scroll of enchant armour {unknown}
 e - 4 scrolls of remove curse
 h - a scroll of random uselessness {unknown}
 l - a scroll of amnesia {unknown}
 p - 3 scrolls of blinking {unknown}
 q - a scroll of silence {unknown}
 s - a scroll of noise {unknown}
 y - 2 scrolls of teleportation {unknown}
 A - 2 scrolls of fear {unknown}
 C - a scroll of vulnerability {unknown}
Potions
 g - 3 potions of flight
 i - 2 potions of curing
 k - 2 potions of agility
 n - 2 potions of lignification
 r - a potion of brilliance
 t - a potion of ambrosia
 u - 3 potions of berserk rage {unknown}
 x - a potion of mutation {unknown}
Comestibles
 b - 4 bread rations
 j - 7 meat rations
 z - a royal jelly


   Skills:
 * Level 7.1 Fighting
 + Level 2.5 Armour
 + Level 3.7 Dodging
 - Level 2.4 Stealth
 + Level 10.4 Unarmed Combat
 + Level 5.6 Invocations


You had 9 spell levels left.
You didn't know any spells.

Dungeon Overview and Level Annotations

Branches:
Dungeon (9/15)             Temple (0/1) D:4
   Lair: D:8-11         Orc: D:9-12

Altars:
Cheibriados
Dithmenos
Fedhas

Shops:
D:8 =


Innate Abilities, Weirdness & Mutations

You have razor-sharp teeth.
You heal very quickly.
When hurt, damage is shared between your health and your magic reserves.
Your bite disrupts and absorbs the magic of your enemies.
Potions and wands cannot restore your health.
You are immune to rotting.


Message History

You are slowing down.
The catoblepas closely misses you. The catoblepas gores you!
The catoblepas snuffles in challenge.
The catoblepas gores you!!
* * * LOW HITPOINT WARNING * * *
The catoblepas breathes a plume of calcifying dust at you.
The blast of calcifying dust hits you!
The blast of calcifying dust hits the hippogriff.
The hippogriff is engulfed in calcifying dust.
The hippogriff is moving more slowly.
You have turned to stone.
Found 8 needles of paralysis and a ring mail.
You are engulfed in calcifying dust.
The catoblepas gores you!!
* * * LOW HITPOINT WARNING * * *
You are engulfed in calcifying dust.
The hippogriff is engulfed in calcifying dust.
The hippogriff stops moving altogether!
The catoblepas breathes a plume of calcifying dust at you.
The blast of calcifying dust hits you!
You die...

#.......## #...##...#
#####. ####..##########
##..... #.)'..<<<.......
#......##..'............
[[......####............
(........##.............
........................
.....§H@Y...#...........
...........###..........
............#...........
....................
....................
...................
.................
#................
#..........?...


You could see a catoblepas and a hippogriff (petrified).

Vanquished Creatures
  Pikel (D:6)
  A deep elf fighter (D:6)
  A hippogriff (D:8)
  The ghost of fredomojojo the Shield-Bearer, an amateur HuFi (D:4)
  Menkaure (D:7)
  Edmund (D:6)
  2 ice beasts (D:8)
  2 ogres
  3 centaurs
  A necrophage (D:7)
  A slave (D:4)
  A phantom (D:6)
  A gnoll sergeant (D:9)
  A big kobold (D:8)
  5 killer bees (D:8)
  A wyvern skeleton (D:9)
  2 scorpions
  A giant frog zombie (D:7)
  A gnoll shaman (D:7)
  3 crimson imps
  4 hounds
  3 jellies
  3 orc priests
  2 orc wizards
  3 centaur skeletons
  4 worker ants
  3 iguanas
  10 adders
  8 gnolls
  A hound skeleton (D:7)
  2 oozes (D:1)
  An adder zombie (D:7)
  An adder skeleton (D:4)
  3 worms (D:2)
  2 giant geckos
  6 orcs
  5 ball pythons
  3 giant cockroaches (D:6)
  6 hobgoblins
  7 bats
  A giant gecko zombie (D:6)
  3 giant newts
  8 goblins
  9 jackals
  6 kobolds
  8 quokkas
  A quokka zombie (D:7)
  8 rats
152 creatures vanquished.

Vanquished Creatures (others)
  3 slaves (D:8)
  A worker ant (D:8)
  An orc (D:8)
  A giant cockroach (D:8)
6 creatures vanquished.

Grand Total: 158 creatures vanquished

Notes
Turn   | Place    | Note
--------------------------------------------------------------
     0 | D:1      | Goblin1989 the Vine Stalker Monk began the quest for the Orb.
     0 | D:1      | Reached XP level 1. HP: 11/11 MP: 2/2
   106 | D:1      | Reached XP level 2. HP: 16/16 MP: 3/3
   453 | D:1      | Reached XP level 3. HP: 19/19 MP: 4/4
   567 | D:2      | Reached skill level 5 in Unarmed Combat
  1112 | D:2      | Reached XP level 4. HP: 20/23 MP: 5/5
  1292 | D:2      | Reached skill level 6 in Unarmed Combat
  1401 | D:2      | Found a blossoming altar of Fedhas.
  1822 | D:3      | Reached XP level 5. HP: 21/27 MP: 6/6
  1899 | D:3      | Found a snail-covered altar of Cheibriados.
  1915 | D:3      | Became a worshipper of Cheibriados the Contemplative
  1915 | D:3      | Reached * piety under Cheibriados
  1915 | D:3      | Reached ** piety under Cheibriados
  2013 | D:3      | Gained mutation: You heal very quickly. [Vine Stalker growth]
  2013 | D:3      | Reached XP level 6. HP: 29/32 MP: 7/7
  2353 | D:4      | Reached skill level 7 in Unarmed Combat
  2390 | D:4      | Found a staircase to the Ecumenical Temple.
  2688 | D:4      | Found a shadowy altar of Dithmenos.
  2766 | D:4      | Noticed fredomojojo's ghost (amateur HuFi)
  2852 | D:5      | Entered Level 5 of the Dungeon
  2855 | D:5      | Noticed Pikel
  2859 | D:5      | Reached XP level 7. HP: 37/37 MP: 8/8
  2903 | D:4      | Reached skill level 1 in Invocations
  3412 | D:5      | Reached *** piety under Cheibriados
  3412 | D:5      | Reached skill level 8 in Unarmed Combat
  3510 | D:6      | Noticed Edmund
  3522 | D:6      | Killed Edmund
  3732 | D:6      | Gained mutation: You have razor-sharp teeth. [Vine Stalker growth]
  3732 | D:6      | Reached XP level 8. HP: 42/42 MP: 10/10
  3748 | D:6      | Killed Pikel
  3748 | D:6      | Reached skill level 5 in Fighting
  3748 | D:6      | Reached skill level 9 in Unarmed Combat
  4005 | D:6      | Noticed a deep elf fighter
  4015 | D:6      | Killed a deep elf fighter
  4355 | D:4      | Killed fredomojojo's ghost
  4580 | D:5      | Reached XP level 9. HP: 47/47 MP: 13/13
  4660 | D:7      | Reached **** piety under Cheibriados
  4711 | D:7      | Reached skill level 10 in Unarmed Combat
  4998 | D:7      | Noticed Menkaure
  4999 | D:7      | Reached skill level 1 in Armour
  5003 | D:7      | Killed Menkaure
  5022 | D:7      | Got a brightly glowing robe
  5033 | D:7      | Identified the cursed +1 robe of Sienoidd {-Cast rElec MR- Dex+3} (You found it on level 7 of the Dungeon)
  5260 | D:8      | Reached skill level 5 in Invocations
  5324 | D:8      | Found Esomom's Jewellery Emporium.
  5403 | D:8      | Reached ***** piety under Cheibriados
  5520 | D:8      | Reached XP level 10. HP: 43/53 MP: 10/15
  5792 | D:9      | Noticed a catoblepas
  5800 | D:9      | HP: 2/55 [catoblepas (9)]
  5801 | D:9      | Killed from afar by a catoblepas

Action                   |  1- 3 |  4- 6 |  7- 9 | 10-12 || total
-------------------------+-------+-------+-------+-------++-------
Melee: Unarmed           |   112 |   135 |   237 |    20 ||   504
Invok: Slouch            |       |       |       |     2 ||     2
Evoke: Wand              |       |     1 |     2 |       ||     3
  Use: Scroll            |       |       |     9 |       ||     9
 Stab: Sleeping          |    12 |     5 |     2 |       ||    19
  Eat: Chunk             |       |     4 |     5 |     1 ||    10
